 Dungeon Crawl Stone Soup version 0.27-a0-346-ga689d4a613 (webtiles) character file.

Game seed: 355751253739945203

1128 SmokeWeed the Carver (level 8, -12/67 HPs)
             Began as a Minotaur Gladiator on Feb 15, 2021.
             Was a Follower of Qazlal.
             Mangled by an orc knight
             ... wielding a +0 broad axe
              (24 damage)
             ... in a bailey.
             The game lasted 00:10:00 (4917 turns).

SmokeWeed the Carver (Minotaur Gladiator)           Turns: 4917, Time: 00:10:01

Health: -12/67     AC: 12    Str: 19    XL:     8   Next: 13%
Magic:  7/7        EV:  7    Int:  6    God:    Qazlal [*.....]
Gold:   223        SH:  2    Dex: 13    Spells: 7/7 levels left

rFire    . . .     SeeInvis .   a - +0 long sword
rCold    . . .     Faith    .   (no shield)
rNeg     . . .     Spirit   .   n - +0 plate armour
rPois    .         Reflect  .   c - +0 hat
rElec    .         Harm     +   g - scarf {harm}
rCorr    .         Rampage  .   (no gloves)
Will     .....                  (no boots)
Stlth    ..........             (no amulet)
HPRegen  0.21/turn              (no ring)
MPRegen  0.10/turn              (no ring)

@: mighty
A: retaliatory headbutt, horns 2
a: Renounce Religion


You were in a bailey.
You worshipped Qazlal.
Qazlal was aware of your devotion.
You visited 2 branches of the dungeon, and saw 7 of its levels.
You also visited: Bailey.

You collected 223 gold pieces.

Inventory:

Hand Weapons
 a - a +0 long sword (weapon)
Missiles
 b - 18 poisoned darts
 d - 4 throwing nets
 o - 22 boomerangs (quivered)
Armour
 c - a +0 hat (worn)
 g - a scarf of harm (worn)
 j - a +0 chain mail
 k - a +0 scale mail
 n - a +0 plate armour (worn)
Wands
 h - a wand of paralysis (8)
Scrolls
 e - 3 scrolls of teleportation
 f - 2 scrolls of identify
 l - a scroll of amnesia
 r - a scroll of enchant weapon {unknown}
 t - a scroll of blinking {unknown}
Potions
 i - 3 potions of flight
 m - 2 potions of lignification
 q - a potion of curing {unknown}
 s - a potion of heal wounds {unknown}


   Skills:
 + Level 4.9 Fighting
 + Level 8.1 Long Blades
 + Level 3.1 Throwing
 + Level 5.4 Armour
 + Level 4.9 Dodging
 + Level 1.1 Stealth


You had 7 spell levels left.
You didn't know any spells.
Your spell library was empty.

Dungeon Overview and Level Annotations

Branches:
Dungeon (7/15)             Temple (1/1) D:4          Bailey (1/1)

Altars:
Cheibriados
Elyvilon
Fedhas
Gozag
Hepliaklqana
Kikubaaqudgha
Makhleb
Nemelex Xobeh
Qazlal
Trog
Vehumet
Xom
Zin

Annotations:
Bailey 3 runed translucent doors


Innate Abilities, Weirdness & Mutations

You reflexively headbutt those who attack you in melee.
You have a pair of horns on your head.


Message History

A kobold comes into view.
The kobold shouts!
You hear a shout!
Things that are here:
4 boomerangs; a scroll labelled SOEZUA LOURU
Things that are here:
4 boomerangs; a scroll labelled SOEZUA LOURU You throw a boomerang.
The boomerang hits the kobold but does no damage.
You throw a boomerang. The boomerang hits the kobold!
You kill the kobold!
Qazlal accepts your kill.
o - 24 boomerangs (gained 4);
t - a scroll labelled SOEZUA LOURU A goblin comes into view.
It is wielding a +0 hand axe.
The goblin shouts!
You throw a boomerang. The boomerang barely misses the goblin.
An orc knight comes into view. It is wielding a +0 broad axe.
You throw a boomerang.
The boomerang hits the goblin but does no damage.
You throw a boomerang. The boomerang hits the goblin.
You kill the goblin!
Qazlal accepts your kill.
Okay, then.
You feel very mighty all of a sudden.
You throw a boomerang. The boomerang hits the orc knight!
The orc knight is lightly wounded.
You throw a boomerang.
The boomerang closely misses the orc knight.
You throw a boomerang.
The boomerang barely misses the orc knight.
You slash the orc knight!
The orc knight is moderately wounded.
The orc knight hits you with a +0 broad axe!
You slash the orc knight! You headbutt the orc knight!
The orc knight is severely wounded.
The orc knight hits you with a +0 broad axe!!
* * * LOW HITPOINT WARNING * * *
You closely miss the orc knight.
The orc knight is severely wounded.
The orc knight hits you with a +0 broad axe!!
You die...

#..........#≈≈≈≈≈#....
#..........).....'....
#...8....†.#########..
##....†.#### ≈#≈≈≈##.
##.....#≈≈#≈ ....)≈#.
##....#≈........?≈#.
#...##≈8.8...8.8##.
#...+≈≈........o#..
#.@.+≈≈....∩....#..
#.o.+≈≈..o......#..
#...##≈8.8...8.8##.
#.... ≈... ....?o#.
..)..# ≈#≈ ....)≈#.
......## # ≈#≈≈≈ #)
..8.... ### #..
......... .... #....


You could see an orc knight and an orc (wandering).

Vanquished Creatures
  A sky beast (D:7)
  An orc warrior (Bailey)
  4 ogres
  A phantom (D:3)
  A hound (D:4)
  4 orc priests (D:4)
  3 orc wizards
  4 worker ants (D:4)
  A hound skeleton (D:4)
  3 gnolls (Bailey)
  4 adders
  A shadow imp (D:5)
  An ufetubus (D:7)
  2 oozes (D:2)
  An adder skeleton (D:4)
  2 dart slugs (D:1)
  A leopard gecko (D:3)
  19 orcs
  3 giant cockroaches
  8 goblins
  10 hobgoblins
  18 kobolds
  A ball python (D:1)
  8 bats
  7 frilled lizards
  A leopard gecko zombie (D:5)
  A quokka skeleton (D:5)
  7 rats
118 creatures vanquished.

Notes
Turn   | Place    | Note
-------+----------+-------------------------------------------
     0 | D:1      | SmokeWeed the Minotaur Gladiator began the quest for the
                  | Orb.
     0 | D:1      | Reached XP level 1. HP: 18/18 MP: 0/0
   305 | D:1      | Reached XP level 2. HP: 22/25 MP: 1/1
   955 | D:2      | Reached XP level 3. HP: 30/30 MP: 2/2
   959 | D:2      | Reached skill level 4 in Long Blades
  1075 | D:2      | Reached skill level 1 in Armour
  1747 | D:3      | Reached XP level 4. HP: 24/37 MP: 3/3
  1958 | D:3      | Found a sparkling altar of Nemelex Xobeh.
  2208 | D:3      | Noticed a phantom
  2219 | D:3      | Killed a phantom
  2220 | D:3      | Reached skill level 5 in Long Blades
  2220 | D:3      | Reached XP level 5. HP: 31/45 MP: 4/4
  2317 | D:3      | Found a faded altar of an unknown god.
  2781 | D:4      | Reached XP level 6. HP: 17/51 MP: 5/5
  3150 | D:4      | Reached skill level 6 in Long Blades
  3290 | D:4      | Reached XP level 7. HP: 15/59 MP: 6/6
  3550 | D:4      | Found a staircase to the Ecumenical Temple.
  3555 | Temple   | Entered the Ecumenical Temple
  3789 | Temple   | Became a worshipper of Qazlal Stormbringer
  3916 | D:4      | Found a shimmering altar of Xom.
  3917 | D:4      | Found a hazy altar of Hepliaklqana.
  3918 | D:4      | Noticed a spectral ugly thing
  3918 | D:4      | Noticed a yak
  3955 | D:4      | Reached skill level 1 in Stealth
  4037 | D:4      | Reached skill level 7 in Long Blades
  4476 | D:5      | Entered Level 5 of the Dungeon
  4568 | D:5      | Reached skill level 5 in Armour
  4627 | D:5      | You fall into a shaft and drop 2 floors!
  4747 | D:7      | Found a flagged portal.
  4757 | Bailey   | Entered a bailey
  4771 | Bailey   | Reached * piety under Qazlal
  4786 | Bailey   | Reached XP level 8. HP: 67/67 MP: 7/7
  4788 | Bailey   | Noticed an orc warlord
  4802 | Bailey   | Reached skill level 8 in Long Blades
  4887 | Bailey   | Found a runed translucent gate.
  4888 | Bailey   | Found a runed translucent gate.
  4893 | Bailey   | Found a runed translucent gate.
  4908 | Bailey   | Noticed an orc knight
  4917 | Bailey   | Mangled by an orc knight

Illustrated notes

Levels and vault maps discovered:
D:1:      shiori_arrival_oz, layout_loops_cross
D:2:      layout_loops_ring
D:3:      layout_basic, nicolae_overflow_crystal_walls,
          chequers_ecumenical_altar_island
D:4:      lemuel_upstairs_altar, layout_gridville,
          regret_index_temple_of_mockery, minmay_temple_entry_butterflies
D:5:      layout_loops_ring, kennysheep_mini_moat, lemuel_doored_altar,
          lemuel_round_altar, corexii_item_surrounded_by_moat, uniq_edmund
D:7:      layout_gridville, enter_bailey_2, nrook_loot_triangle
Temple:   dpeg_chambers_temple
Bailey:   bailey_axe_bossmonster_kennysheep, bailey

Skill      XL: |  1  2  3  4  5  6  7  8 |
---------------+-------------------------+-----
Long Blades    | 4 5 6 7 8 |  8.1
Dodging        | 4 |  4.9
Armour         | 1 2 3 4 5 |  5.4
Fighting       | 3 4 |  4.9
Stealth        | 1 |  1.1
Throwing       | 3 |  3.1

Action                   |  1- 3 |  4- 6 |  7- 9 || total
-------------------------+-------+-------+-------++-------
Melee: Long sword        |    71 |    76 |    91 ||   238
       Headbutt          |    15 |    14 |    20 ||    49
Throw: Boomerang         |       |       |    52 ||    52
       Dart              |       |       |     6 ||     6
  Use: Scroll            |       |     6 |     3 ||     9
       Potion            |       |       |     1 ||     1
Armor: Leather armour    |     9 |       |       ||     9
       Plate armour      |       |    61 |    55 ||   116
       Scale mail        |       |     2 |       ||     2
Dodge: Dodged            |    58 |    34 |    38 ||   130
Block: Other             |       |       |     2 ||     2
       Rpst.: Long sword |    14 |     6 |     7 ||    27

Table legend: (Time is in decaauts)
 A = Elapsed time spent in this place.
 B = Non-inter-level travel time spent in this place.
 C = Inter-level travel time spent in this place.
 D = Time resting spent in this place.
 E = Time spent auto-exploring this place.
 F = Levels seen in this place.
 G = Mean time per level.
                   A        B        C        D        E       F      G
               +--------+--------+--------+--------+--------+-----+--------+
         Total |   4954 |   4869 |     85 |    503 |   3442 |   8 |  619.2 |
       Dungeon |   4538 |   4453 |     85 |    503 |   3243 |   6 |  756.3 |
        Temple |    247 |    247 |      0 |      0 |    199 |   1 |  247.0 |
        Bailey |    168 |    168 |      0 |      0 |      0 |   1 |  168.0 |
               +--------+--------+--------+--------+--------+-----+--------+

Top non-repeatable levels by time:
     D:4: 1503 daAuts
     D:3: 1020 daAuts
     D:2: 920 daAuts
     D:1: 813 daAuts
  Temple: 247 daAuts
  Bailey: 168 daAuts
     D:5: 150 daAuts
     D:7: 130 daAuts
